 Dungeon Crawl Stone Soup version 0.31-a0-473-g61b50ae490 (webtiles) character file.

Game seed: 14497198758971781402

16118 speeeev the Fighter (level 12, -2/117 HPs)
             Began as a Minotaur Berserker on Aug 6, 2023.
             Was an Elder of Trog.
             Slain by an orc warlord
             ... wielding a +4 battleaxe of freezing
              (3 damage)
             ... on level 1 of the Orcish Mines on Aug 7, 2023.
             The game lasted 00:22:31 (11912 turns).

speeeev the Fighter (Minotaur Berserker)           Turns: 11912, Time: 00:22:33

Health: -2/117     AC: 21    Str: 27    XL:     12   Next: 7%
Magic:  11/11      EV:  8    Int:  4    God:    Trog [****..]
Gold:   1168       SH:  5    Dex: 10    Spells: 11/11 levels left

rFire   . . .        i - +0 broad axe
rCold   . . .        (no shield)
rNeg    . . .        B - +0 plate armour
rPois   .            (helmet restricted)
rElec   .            h - +0 cloak
rCorr   .            (no gloves)
SInv    +            (no boots)
Will    .....        A - amulet of reflection Stlth
                     a - ring of see invisible
HPRegen 0.39/turn    H - +4 ring of protection
MPRegen 0.12/turn

%: reflection
@: about to teleport
A: horns 2, retaliatory headbutt
a: Renounce Religion, Berserk, Trog's Hand, Brothers in Arms


You were on level 1 of the Orcish Mines.
You worshipped Trog.
Trog was greatly pleased with you.
You visited 2 branches of the dungeon, and saw 13 of its levels.
You also visited: Bailey.

You collected 1168 gold pieces.

Inventory:

Hand Weapons
 i - a +0 broad axe (weapon)
 I - a +1 morningstar
Missiles
 u - a throwing net
Armour
 h - a +0 cloak (worn)
 B - a +0 plate armour (worn)
Jewellery
 a - a ring of see invisible (left hand)
 d - a ring of positive energy
 t - a ring of ice
 A - an amulet of reflection (around neck)
 F - a ring of protection from cold
 H - a +4 ring of protection (right hand)
Wands
 q - a wand of digging (17)
 s - a wand of roots (15)
 w - a wand of charming (22)
 E - a wand of flame (5)
Scrolls
 e - a scroll of poison
 f - a scroll of torment
 k - 4 scrolls of enchant weapon
 p - a scroll of noise {unknown}
 v - a scroll of fog {unknown}
 y - 3 scrolls of fear {unknown}
 C - a scroll of vulnerability {unknown}
 G - a scroll of enchant armour
 L - a scroll of revelation
Potions
 b - 5 potions of brilliance
 c - 4 potions of haste
 g - a potion of might
 j - a potion of ambrosia
 l - 2 potions of enlightenment
 m - 2 potions of curing
 n - 2 potions of resistance
 o - 3 potions of berserk rage
 r - 2 potions of lignification
 z - a potion of invisibility {unknown}
 D - a potion of mutation {unknown}
 J - a potion of magic {unknown}
 K - 2 potions of heal wounds


   Skills:
 + Level 14.1 Fighting
 - Level 14.0 Axes
 + Level 13.7 Armour
 - Level 2.1 Dodging


You had 11 spell levels left.
You didn't know any spells.
Your spell library was empty.

Dungeon Overview and Level Annotations

Branches:
Dungeon (11/15)            Temple (0/1) D:5             Orc (2/2) D:9
 Bailey (visited)
   Lair: D:8-11         Elf: Orc:2

Altars:
Zin

Shops:
D:10 !   Orc:1 *   Orc:2 [

Annotations:
D:3 3 runed translucent doors, MisterAzrael's ghost, weakling HOMo; avis's ghost, amateur FeSh; bahustanut's ghost, amateur OgSh; deremet's ghost, weakling GnDe
D:7 3 runed translucent doors, Ofeo's ghost, novice DsSh; osoart's ghost, novice OpSh


Innate Abilities, Weirdness & Mutations

You have a pair of horns on your head.
You reflexively headbutt those who attack you in melee.


Message History

You miss the orc wizard. You headbutt the orc wizard!
You kill the orc wizard!
Trog accepts your kill.
Trog appreciates your killing of a magic user.
You closely miss the orc warrior.
The orc high priest mumbles some strange prayers to Beogh against you.
You resist with significant effort.
The orc warrior hits you from afar with a +0 trident!
The orc warrior unwields a +0 orcbow.
The orc warrior wields a +0 morningstar.
The orc warrior hits you with a +0 morningstar.
The orc warrior shoots an arrow.
The arrow hits you but does no damage. The rust devil barely misses you.
You furiously retaliate!
You headbutt the rust devil! The orc warrior barely misses you.
The orc high priest completely misses you.
The orc warlord hits you with a +4 battleaxe of freezing.
The orc warlord freezes you.
You climb upwards.
There is a stone staircase leading down, spattered with blood here.
You fail to use your ability.
The orc warrior hits you with a +0 morningstar!
The orc warlord hits you with a +4 battleaxe of freezing.
The orc warlord freezes you.
The orc warlord attacks as you move away!
The orc warlord hits you with a +4 battleaxe of freezing!
* * * LOW HITPOINT WARNING * * *
The orc warlord freezes you.
* * * LOW HITPOINT WARNING * * *
The orc warrior hits you with a +0 morningstar.
* * * LOW HITPOINT WARNING * * *
Things that are here:
a +2 robe of fire resistance; a +0 dagger; a +0 troll leather armour
As you read the scroll of teleportation, it crumbles to dust.
You feel strangely unstable.
The orc warrior hits you with a +0 morningstar!!
* * * LOW HITPOINT WARNING * * *
The orc warlord hits you with a +4 battleaxe of freezing!
* * * LOW HITPOINT WARNING * * *
The orc warlord freezes you.
You die...

### ### ###..........#
..###.####............##
...#...##........∩.....#
..##..##.#............##
.##............#[#.....##
...#....................#
....##......#....[^..#.##
.....#...........[.....##
............##..@o......#
[...............)o.....##
........#..............##
........................#
.......................##
.......................##
..#.....................#
..#.................#..##
..##.#..................#


You could see an orc warlord and an orc warrior (strong).

Vanquished Creatures
  2 vault guards (Bailey)
  2 orc knights (Orc:1)
  An orc sorcerer (Orc:1)
  A manticore (D:10)
  Maurice (D:8)
  A kobold demonologist (D:10)
  5 trolls
  A hornet (D:8)
  Prince Ribbit (D:9)
  3 wyverns
  15 yaks
  3 shadows
  6 humans (Bailey)
  A warg (Orc:1)
  An acid dragon (D:11)
  3 water moccasins
  11 orc warriors
  3 ice beasts
  4 black bears
  4 ogres
  5 centaurs
  A phantom (D:4)
  5 kobold brigands
  2 gnoll sergeants (D:8)
  10 bullfrogs
  2 scorpions (D:6)
  9 wights
  11 killer bees
  An electric eel (D:11)
  A jelly (D:4)
  A gnoll bouda (D:5)
  7 orc priests
  8 hounds
  4 iguanas
  3 sleepcaps
  14 orc wizards
  13 adders
  16 gnolls
  2 white imps (D:7)
  2 worms
  5 dart slugs
  51 orcs
  10 endoplasms
  A giant cockroach (D:1)
  6 goblins
  6 hobgoblins
  8 quokkas
  5 ball pythons
  6 bats
  3 frilled lizards
  19 kobolds
  3 rats
309 creatures vanquished.

Vanquished Creatures (collateral kills)
  Erica (D:8)
  A blink frog (Bailey)
  A killer bee (D:8)
3 creatures vanquished.

Grand Total: 312 creatures vanquished

Notes
Turn   | Place    | Note
-------+----------+-------------------------------------------
     0 | D:1      | speeeev the Minotaur Berserker began the quest for the Orb.
     0 | D:1      | Reached XP level 1. HP: 19/19 MP: 0/0
   218 | D:1      | Reached XP level 2. HP: 27/27 MP: 1/1
   507 | D:1      | Reached XP level 3. HP: 33/33 MP: 2/2
   543 | D:1      | Reached ** piety under Trog
   924 | D:2      | Reached XP level 4. HP: 41/41 MP: 3/3
  1278 | D:3      | Found a runed translucent gate.
  1278 | D:3      | Found a runed translucent gate.
  1278 | D:3      | Found a runed translucent gate.
  1279 | D:3      | Noticed bahustanut's ghost (amateur OgSh)
  1279 | D:3      | Noticed avis's ghost (amateur FeSh)
  1279 | D:3      | Noticed deremet's ghost (weakling GnDe)
  1279 | D:3      | Noticed MisterAzrael's ghost (weakling HOMo)
  1363 | D:3      | Reached skill level 5 in Fighting
  1383 | D:3      | Reached XP level 5. HP: 29/48 MP: 4/4
  1528 | D:3      | Reached skill level 5 in Axes
  1857 | D:4      | Noticed a black bear
  1865 | D:4      | Killed a black bear
  1950 | D:4      | Reached XP level 6. HP: 47/56 MP: 5/5
  2101 | D:4      | Reached skill level 5 in Armour
  2244 | D:4      | Reached *** piety under Trog
  2585 | D:4      | Reached XP level 7. HP: 62/64 MP: 6/6
  2864 | D:5      | Entered Level 5 of the Dungeon
  3365 | D:5      | Found a staircase to the Ecumenical Temple.
  3375 | D:5      | Found a glowing silver altar of Zin.
  3665 | D:5      | Reached XP level 8. HP: 73/73 MP: 7/7
  4151 | D:6      | Reached **** piety under Trog
  4817 | D:6      | Reached XP level 9. HP: 83/83 MP: 8/8
  5336 | D:7      | Found a runed translucent gate.
  5336 | D:7      | Found a runed translucent gate.
  5336 | D:7      | Found a runed translucent gate.
  5336 | D:7      | Noticed osoart's ghost (novice OpSh)
  5337 | D:7      | Noticed Ofeo's ghost (novice DsSh)
  5996 | D:8      | Reached skill level 10 in Fighting
  6068 | D:8      | Reached skill level 10 in Axes
  6084 | D:8      | Reached skill level 10 in Armour
  6092 | D:8      | HP: 4/86 [centaur/arrow (7)]
  6444 | D:8      | Identified the +2 dagger of the Morning {protect, rPois rN+
                  | Int-5 Dex+2}
  6771 | D:8      | Noticed Maurice
  6777 | D:8      | Reached XP level 10. HP: 77/94 MP: 9/9
  6812 | D:8      | Killed Maurice
  7393 | D:9      | Noticed Erica
  7442 | D:8      | Killed Erica
  7920 | D:9      | Found a staircase to the Orcish Mines.
  7920 | D:9      | Noticed Prince Ribbit
  7936 | D:9      | Killed Prince Ribbit
  8803 | D:9      | Reached XP level 11. HP: 100/105 MP: 10/10
  8907 | D:10     | Entered Level 10 of the Dungeon
  8956 | D:10     | Found a flagged portal.
  8957 | D:10     | Found Faiph's Distillery.
  9168 | Bailey   | Entered a bailey
  9472 | Bailey   | Noticed a vault guard
  9483 | Bailey   | Killed a vault guard
  9553 | Bailey   | Noticed a vault guard
  9565 | Bailey   | Killed a vault guard
 10539 | Orc:1    | Entered Level 1 of the Orcish Mines
 10785 | Orc:1    | Found Qerphusk's Assorted Antiques.
 11061 | Orc:2    | Entered Level 2 of the Orcish Mines
 11117 | Orc:2    | Noticed an orc warlord
 11221 | Orc:2    | Noticed an orc knight
 11221 | Orc:2    | Noticed an orc high priest
 11221 | Orc:2    | Found Zuig's Antique Armour Shop.
 11222 | Orc:2    | Noticed an orc sorcerer
 11448 | Orc:1    | Killed an orc sorcerer
 11453 | Orc:1    | Killed an orc knight
 11454 | Orc:1    | Reached XP level 12. HP: 106/117 MP: 11/11
 11881 | Orc:2    | Noticed an orc high priest
 11912 | Orc:1    | HP: 1/117 [orc warlord/+4 battleaxe of freezing (7)]
 11912 | Orc:1    | Slain by an orc warlord

Illustrated notes

Levels and vault maps discovered:
D:1:      minmay_arrival_five_plusses, layout_loops_ring
D:2:      layout_basic, minmay_indecisive_spiral
D:3:      layout_rooms, gammafunk_ghost_cemetery
D:4:      nicolae_cairo_tiling_very_big, layout_basic, hangedman_decor_growths
D:5:      wad_river_or_something, layout_gridville,
          mainiacjoe_overflow_tiny_flanked, minmay_temple_entry_ruins,
          minmay_between
D:6:      layout_cave_pools, kennysheep_nub, grunt_decor_resistance,
          amcnicky_mini_rare_corridor_liquid, kennysheep_small_circle
D:7:      layout_basic, gammafunk_ghost_cemetery
D:8:      minmay_clustersquares, layout_gridville, grunt_decor_junction,
          nicolae_figureground_sparkle, uniq_maurice
D:9:      layout_roguey, corner_web_ring, uniq_prince_ribbit1, uniq_erica
D:10:     layout_basic, serial_shops, nicolae_shop_industrial_runoff,
          enter_bailey_2, amcnicky_mini_pool_small, minivault_5,
          nicolae_letterblocks [nicolae_letter_subblock,
          nicolae_letter_subblock, nicolae_letter_subblock,
          nicolae_letter_subblock, nicolae_letter_subblock,
          nicolae_letter_subblock, nicolae_letter_subblock,
          nicolae_letter_subblock, nicolae_letter_subblock,
          nicolae_letter_subblock, nicolae_letter_subblock,
          nicolae_letter_subblock, nicolae_letter_subblock,
          nicolae_letter_subblock, nicolae_letter_subblock,
          nicolae_letter_subblock, nicolae_letter_subblock,
          nicolae_letter_subblock, nicolae_letter_subblock,
          nicolae_letter_subblock, nicolae_letter_subblock,
          nicolae_letter_subblock, nicolae_letter_subblock,
          nicolae_letter_subblock, nicolae_letter_subblock]
D:11:     layout_basic, due_lair_maze_entry_diamond, uniq_psyche
Orc:1:    layout_caves, serial_shops, shop
Orc:2:    grunt_orc_gardens, layout_caves, grunt_orc_garden, grunt_orc_garden,
          grunt_orc_garden, grunt_orc_garden, basic_altar,
          nicolae_orc_tapped_out

Skill      XL: |  1  2  3  4  5  6  7  8  9 10 11 12 |
---------------+-------------------------------------+-----
Axes           | 4 5 6 7 8 10 12 13 14 | 14.0
Fighting       | 4 5 6 7 9 10 12 14 | 14.1
Armour         | 3 4 5 6 8 10 11 13 | 13.7
Dodging        | |  2.1

Action                     |  1- 3 |  4- 6 |  7- 9 | 10-12 || total
---------------------------+-------+-------+-------+-------++-------
  Melee: Hand axe          |    76 |   122 |   337 |   299 ||   834
         Headbutt          |     9 |    15 |    61 |    92 ||   177
         Punch             |       |     3 |     2 |     2 ||     7
         Broad axe         |       |       |       |   116 ||   116
 Invoke: Berserk           |       |     1 |     4 |     4 ||     9
         Brothers in Arms  |       |       |     1 |     3 ||     4
         Trog's Hand       |       |       |       |     1 ||     1
    Use: Scroll            |       |     7 |     9 |     4 ||    20
         Potion            |       |       |     2 |     3 ||     5
 Armour: Ring mail         |    28 |    37 |    18 |       ||    83
         Animal skin       |     2 |       |       |       ||     2
         Chain mail        |       |       |   129 |       ||   129
         Plate armour      |       |       |    24 |   224 ||   248
  Dodge: Dodged            |    38 |    79 |   165 |   134 ||   416
  Block: Other             |       |       |    13 |    90 ||   103
         Reflection        |       |       |     2 |     4 ||     6

Table legend: (Time is in decaauts)
 A = Elapsed time spent in this place.
 B = Non-inter-level travel time spent in this place.
 C = Inter-level travel time spent in this place.
 D = Time resting spent in this place.
 E = Time spent auto-exploring this place.
 F = Levels seen in this place.
 G = Mean time per level.
                   A        B        C        D        E       F      G
               +--------+--------+--------+--------+--------+-----+--------+
         Total |  11891 |  11581 |    310 |   3273 |   5457 |  14 |  849.4 |
       Dungeon |  10099 |   9798 |    301 |   2381 |   5154 |  11 |  918.1 |
  Orcish Mines |   1382 |   1373 |      9 |    722 |    257 |   2 |  691.0 |
        Bailey |    409 |    409 |      0 |    169 |     46 |   1 |  409.0 |
               +--------+--------+--------+--------+--------+-----+--------+

Top non-repeatable levels by time:
     D:8: 1972 daAuts
   Orc:1: 1319 daAuts
     D:4: 1189 daAuts
     D:9: 1164 daAuts
     D:5: 1129 daAuts
     D:6: 976 daAuts
    D:10: 948 daAuts
     D:1: 677 daAuts
     D:7: 671 daAuts
     D:2: 608 daAuts
     D:3: 544 daAuts
  Bailey: 409 daAuts
    D:11: 218 daAuts
   Orc:2: 62 daAuts
